 Dungeon Crawl Stone Soup version 0.30-a0-170-g85af917532 (webtiles) character file.

Game seed: 16564879480155212358

73 qw the Chopper (level 4, -5/28 HPs)
             Began as a Gargoyle Fighter on Sept 30, 2022.
             Killed by divine providence
             ... invoked by an orc priest
              (15 damage)
             ... on level 4 of the Dungeon.
             The game lasted 00:00:43 (2744 turns).

qw the Chopper (Gargoyle Fighter)                   Turns: 2744, Time: 00:00:43

Health: -5/28      AC: 10    Str: 22    XL:     4   Next: 27%
Magic:  0/4        EV:  9    Int:  8    God:
Gold:   201        SH:  4    Dex:  9    Spells: 3/3 levels left

rFire   . . .      SeeInvis .    Y - +0 war axe
rCold   + . .      Faith    .    c - +0 buckler
rNeg    + . .      Spirit   +    b - +0 scale mail
rPois   inf        Reflect  .    (no helmet)
rElec   +          Harm     .    (no cloak)
rCorr   .          Rampage  .    (no gloves)
Will    .....                    (no boots)
Stlth   ..........               a - amulet of guardian spirit
HPRegen 0.09/turn                j - ring of protection from cold
MPRegen 0.09/turn                (no ring)

@: no status effects
A: sickness immunity, AC +3, negative energy resistance 1, electricity
resistance, torment resistance 1, petrification resistance
a: no special abilities


You were on level 4 of the Dungeon.
You visited 1 branch of the dungeon, and saw 4 of its levels.

You collected 201 gold pieces.


Innate Abilities, Weirdness & Mutations

You are immune to sickness and miasma.
Your stone body is resilient. (AC +3)
You are immune to poison.
You resist negative energy. (rN+)
You are resistant to electric shocks. (rElec)
You are resistant to unholy torment.
You are immune to petrification.


   Skills:
 - Level 3.2 Fighting
 + Level 3.8 Axes
 - Level 1.0 Throwing
 - Level 3.2 Armour
 - Level 3.2 Shields


You had 3 spell levels left.
You didn't know any spells.
Your spell library was empty.

Inventory:

Hand Weapons
 l - a +3 whip
 Y - a +0 war axe (weapon)
Missiles
 h - 2 javelins (quivered)
Armour
 b - a +0 scale mail (worn)
 c - a +0 buckler (worn)
Jewellery
 a - an amulet of guardian spirit (around neck)
 j - a ring of protection from cold (left hand)
Scrolls
 g - a scroll of identify {unknown}
Potions
 d - a potion of might
 e - a potion of flight {unknown}
 f - a potion of lignification {unknown}
 i - a potion of berserk rage {unknown}
 k - a potion of curing
 o - a potion of heal wounds {unknown}

Dungeon Overview and Level Annotations

Branches:
Dungeon (4/15)
 Temple: D:4-7

Altars:
Kikubaaqudgha
Sif Muna
Zin

Annotations:
D:3 1 runed translucent door, Crazy Yiuf


Message History

You closely miss the quokka. The quokka bites you.
The quokka bites you but does no damage.
An ogre comes into view. It is wielding a +0 giant spiked club.
You hit the quokka.
You kill the quokka!
You hit the orc.
The orc is moderately wounded.
The orc barely misses you.
You barely miss something. Something hits you but does no damage.
You miss something. Something hits you but does no damage.
You slash the orc!
You kill the orc!
The orc priest calls upon Beogh to heal the orc.
The orc's wounds heal themselves!
You closely miss the orc. The orc hits you but does no damage.
You closely miss something. Something hits you but does no damage.
The orc priest calls down the wrath of Beogh upon you.
Beogh smites you!
Ouch! That really hurt!
You closely miss something. Something hits you but does no damage.
You miss something.
Something hits you but does no damage. x2
You hit something.
You hear some strange, mumbled words.
A magic dart appears from out of thin air!
The magic dart hits you.
You barely miss something. Something hits you but does no damage.
You completely miss something.
Something hits you but does no damage. x2
The orc priest calls down the wrath of Beogh upon you.
Beogh smites you!
Ouch! That really hurt!
You die... .........# _..8.... ....... ..... _.o. #.# Oo#

#.# #{# #.# #@# #.# #.#
#.# #.#
######.#######.######?
###..............>......
.#.............#.######.
...#...#.#####.#.#
.#.....#.# #....#
..#)#..#.# #..###


You could see an ogre, an orc priest and an orc.

Vanquished Creatures
  An adder (D:3)
  3 dart slugs
  2 orcs
  6 ball pythons
  3 bats (D:1)
  5 endoplasms
  2 giant cockroaches (D:1)
  6 goblins
  5 hobgoblins
  4 quokkas
  A frilled lizard (D:2)
  6 kobolds
  6 rats
50 creatures vanquished.

Vanquished Creatures (others)
  A fungus (D:1)
  2 plants (D:1)
3 creatures vanquished.

Grand Total: 53 creatures vanquished

Notes
Turn   | Place    | Note
-------+----------+-------------------------------------------
     0 | D:1      | qw the Gargoyle Fighter began the quest for the Orb.
     0 | D:1      | Reached XP level 1. HP: 14/14 MP: 1/1
     0 | D:1      | 0 ||| qw: Version: 0.2-a-12-gaebbb33
     0 | D:1      | 0 ||| qw: Game counter: 1572
     0 | D:1      | 0 ||| qw: Always use a shield: true
     0 | D:1      | 0 ||| qw: God list: Okawaru
     0 | D:1      | 0 ||| qw: Allow faded altars: false
     0 | D:1      | 0 ||| qw: Do Orc after D:15 true
     0 | D:1      | 0 ||| qw: Do second Lair branch before Depths: true
     0 | D:1      | 0 ||| qw: Lair rune preference: random
     0 | D:1      | 0 ||| qw: Plans: Normal, Zot:1-4, God:TSO, Crypt, Tomb,
                  | Pan, Slime:5, Hells, Abyss, Orb
     0 | D:1      | 0 ||| PLANNING D:1-11
   129 | D:1      | Reached XP level 2. HP: 16/19 MP: 2/2
   752 | D:1      | Reached skill level 3 in Axes
   780 | D:1      | Found a faded altar of an unknown god.
   901 | D:1      | 901 ||| READING scroll labelled VASIJO BUAK.
   902 | D:1      | 902 ||| READING scroll labelled QEHIME AFRE.
   932 | D:2      | Reached XP level 3. HP: 23/23 MP: 3/3
  1043 | D:2      | 1043 ||| Stepping ~*~*~tactically~*~*~ (stealth).
  1046 | D:2      | 1046 ||| Stepping ~*~*~tactically~*~*~ (stealth).
  1298 | D:2      | Reached skill level 1 in Throwing
  1541 | D:2      | 1541 ||| Stepping ~*~*~tactically~*~*~ (hiding).
  1732 | D:2      | 1732 ||| UPGRADING to amulet of guardian spirit.
  1737 | D:2      | 1737 ||| UPGRADING to ring of protection from cold.
  1738 | D:2      | 1738 ||| READING 2 scrolls labelled SEENIE MAHYGUE.
  1750 | D:3      | 1750 ||| DROPPING +0 mace.
  1858 | D:3      | Identified the +6 spear of Quank {antimagic, Str+2 Dex+5}
  1870 | D:3      | HP: 4/23 [orc/the +6 spear of Quank {antimagic, Str+2
                  | Dex+5} (11)]
  1871 | D:3      | 1871 ||| READING scroll of teleportation.
  1871 | D:3      | HP: 1/23 [orc/the +6 spear of Quank {antimagic, Str+2
                  | Dex+5} (3)]
  1873 | D:3      | Reached XP level 4. HP: 2/28 MP: 0/4
  2184 | D:3      | 2184 ||| Stepping ~*~*~tactically~*~*~ (stealth).
  2186 | D:3      | 2186 ||| Stepping ~*~*~tactically~*~*~ (stealth).
  2335 | D:3      | 2335 ||| Stepping ~*~*~tactically~*~*~ (hiding).
  2477 | D:3      | Found a runed translucent door.
  2478 | D:3      | Noticed Crazy Yiuf
  2578 | D:3      | 2578 ||| READING scroll labelled SUNEEJ HOILAT.
  2579 | D:3      | 2579 ||| READING scroll labelled TUFELEA FUWYO.
  2580 | D:3      | 2580 ||| READING scroll labelled BIRURPH TEUDGH.
  2581 | D:3      | 2581 ||| DRINKING 2 grey potions.
  2615 | D:4      | 2615 ||| PLANNING OSSUARY
  2629 | D:4      | Found a shimmering blue altar of Sif Muna.
  2730 | D:4      | Found a glowing silver altar of Zin.
  2730 | D:4      | Found an ancient bone altar of Kikubaaqudgha.
  2732 | D:4      | Noticed an ogre
  2744 | D:4      | Killed from afar by an orc priest

Levels and vault maps discovered:
D:1:      dpeg_arrival_round_c, layout_basic,
          shapermc_ecumenical_altar_mp_urbaneastern
D:2:      layout_basic
D:3:      layout_rooms, minivault_11, uniq_crazy_yiuf_cottage
D:4:      layout_loops_ring, overflow_temple_1_default,
          grunt_temple_overflow_open, nicolae_ossuary_entry_ruins,
          minmay_tree_intersection

Skill      XL: |  1  2  3 |
---------------+----------+-----
Axes           | 2 3 |  3.8
Throwing       | 1 |  1.0
Fighting       | |  3.2
Armour         | |  3.2
Shields        | |  3.2

Action                   |  1- 3 |  4- 6 || total
-------------------------+-------+-------++-------
Melee: War axe           |   104 |    21 ||   125
Throw: Javelin           |    22 |     8 ||    30
  Use: Scroll            |     4 |     3 ||     7
       Potion            |       |     1 ||     1
Armor: Scale mail        |    61 |    15 ||    76
Dodge: Dodged            |    40 |     2 ||    42
Block: Buckler           |    19 |     2 ||    21

Table legend:
 A = Non-vault XP
 B = Vault XP
 C = Vault XP percentage of total XP
 D = Non-vault monster count
 E = Vault monster count
 F = Vault count percentage of total count
                 A         B        C        D         E       F
            +---------+---------+-------+---------+---------+-------
      Total |     105 |       0 |   0.0 |      50 |       0 |   0.0
            +---------+---------+-------+---------+---------+-------
        D:1 |      32 |       0 |   0.0 |      18 |       0 |   0.0
        D:2 |      26 |       0 |   0.0 |      14 |       0 |   0.0
        D:3 |      36 |       0 |   0.0 |      13 |       0 |   0.0
        D:4 |      11 |       0 |   0.0 |       5 |       0 |   0.0
            +---------+---------+-------+---------+---------+-------
